 Dungeon Crawl Stone Soup version 0.24.0-125-gc4c63601f3 (webtiles) character file.

Game seed: 10004809431719421858, levelgen mode: deterministic

24 Dustman the Conjurer (level 3, -5/26 HPs)
             Began as a Barachi Conjurer on Mar 9, 2020.
             Slain by Robin
             ... wielding a +0 club
              (6 damage)
             ... on level 2 of the Dungeon.
             The game lasted 00:07:26 (427 turns).

Dustman the Conjurer (Barachi Conjurer)              Turns: 427, Time: 00:07:26

Health: -5/26      AC:  2    Str:  9    XL:     3   Next: 2%
Magic:  0/7        EV: 12    Int: 16    God:
Gold:   30         SH:  0    Dex: 12    Spells: 6/7 levels left

rFire    . . .     SeeInvis +   e - +0 dagger
rCold    . . .     Gourm    .   (no shield)
rNeg     . . .     Faith    .   a - +0 robe
rPois    .         Spirit   .   (no helmet)
rElec    .         Reflect  .   (no cloak)
rCorr    .         Harm     .   (no gloves)
MR       .....                  (no boots)
Stlth    ++........             (no amulet)
HPRegen  0.08/turn              f - ring of see invisible
MPRegen  0.10/turn              (no ring)

@: can't hop, slow
A: +LOS, swims, slowness 1, strong legs 1
a: Hop


You were on level 2 of the Dungeon.
You were not hungry.

You visited 1 branch of the dungeon, and saw 2 of its levels.

You collected 30 gold pieces.

Inventory:

Hand Weapons
 e - a +0 dagger (weapon)
Armour
 a - a +0 robe (worn)
Jewellery
 f - a ring of see invisible (left hand)
Scrolls
 g - a scroll of enchant armour {unknown}
 h - a scroll of teleportation {unknown}
Comestibles
 c - a ration


   Skills:
 + Level 1.5 Fighting
 - Level 2.1 Dodging
 - Level 1.7 Stealth
 + Level 2.7 Spellcasting
 + Level 4.7 Conjurations


You had 6 spell levels left.
You knew the following spells:

 Your Spells              Type           Power        Failure   Level  Hunger
a - Magic Dart            Conj           ###.         2%          1    #......

Your spell library contained the following spells:

 Spells                   Type           Power        Failure   Level  Hunger
 Searing Ray              Conj           ###...       4%          2    ##.....
 Dazzling Spray           Conj/Hex       #.....       22%         3    ###....
 Iskenderun's Mystic Bla  Conj           ###.....     26%         4    #####..
 Force Lance              Conj/Tloc      #.......     58%         4    #####..
 Fulminant Prism          Conj/Hex       #.........   58%         4    #####..


Dungeon Overview and Level Annotations

Branches:
Dungeon (2/15)

Altars:

Annotations:
D:2 Robin


Innate Abilities, Weirdness & Mutations

Shadows flee at your approach. (+LOS)
You can swim through water.
You cover ground slowly.
You can hop short distances.


Message History

* * * LOW HITPOINT WARNING * * *
You barely miss Robin.
Robin is almost dead.
Robin misses you.
You barely miss Robin.
Robin is almost dead.
Robin closely misses you.
Press: ? - help, v - describe, . - travel
Here: Robin, wielding a +0 club, wearing a +0 animal skin and wearing a +0 helmet (almost dead)
The floor.
Unknown command.
You hit Robin.
Robin is almost dead.
Robin hits you with a +0 club.
* * * LOW HITPOINT WARNING * * *
There is a stone staircase leading up here.
You hit Robin but do no damage.
Robin is almost dead.
Robin hits you with a +0 club.
You die...

#...
♣♣....#
#...♣
♣.#.##
...♣♣
♣.#.#
.#.♣.
♣.#.#
.... .
♣)..# ##
## ♣
♣.###
#†..#
#####.#.#
#.g@#)#.#
#.###.#.#
#.....#..
#.#######
#...#
#####


You could see Robin.

Vanquished Creatures
  An ooze (D:1)
  A dart slug (D:1)
  2 bats
  A giant cockroach (D:1)
  2 hobgoblins
  2 kobolds (D:1)
  A ball python (D:1)
  A frilled lizard (D:2)
  5 goblins
  A rat (D:1)
17 creatures vanquished.

Notes
Turn   | Place    | Note
-------+----------+-------------------------------------------
     0 | D:1      | Dustman the Barachi Conjurer began the quest for the Orb.
     0 | D:1      | Reached XP level 1. HP: 13/13 MP: 3/3
   137 | D:1      | Reached skill level 1 in Fighting
   137 | D:1      | Reached XP level 2. HP: 21/21 MP: 1/5
   367 | D:2      | Noticed Robin
   396 | D:2      | Reached XP level 3. HP: 7/26 MP: 2/7
   425 | D:2      | HP: 1/26 [Robin/+0 club (5)]
   427 | D:2      | Slain by Robin

Levels and vault maps discovered:
D:1:      minmay_arrival_doors, layout_rooms, chequers_serial_rivers_micro_d
D:2:      layout_basic, lemuel_coloured_pillars_altar,
          chequers_ecumenical_altar_grove, uniq_robin, uniq_terence

Skill      XL: |  1 |
---------------+----+-----
Fighting       | 1 |  1.5
Dodging        | |  2.1
Stealth        | |  1.7
Spellcasting   | |  2.7
Conjurations   | |  4.7

Action                   || total
-------------------------++-------
Melee: Unarmed           ||    11
       Dagger            ||    23
 Cast: Magic Dart        ||    36
 Abil: Hop               ||     2
  Use: Scroll            ||     1
       Potion            ||     1
Armor: Robe              ||     7
       Skin              ||    16
Dodge: Dodged            ||    16
